 Dungeon Crawl Stone Soup version 0.26-a0-519-gb2f46ef (webtiles) character file.

Game seed: 8950704342989324931

6795 robertstho the Grappler (level 10, -4/145 HPs)
             Began as a Troll Monk on Aug 10, 2020.
             Was an Initiate of Gozag.
             Slain by an eight-headed hydra (10 damage)
             ... on level 1 of the Lair of Beasts.
             The game lasted 00:11:26 (7628 turns).

robertstho the Grappler (Troll Monk)                Turns: 7628, Time: 00:11:26

Health: -4/145     AC: 10    Str: 24    XL:     10   Next: 76%
Magic:  9/9        EV: 11    Int: 10    God:    Gozag
Gold:   1422       SH:  0    Dex: 10    Spells: 9/9 levels left

rFire    + . .     SeeInvis .   M - +8 flail "Zotwatto" {flame, rElec Int+4 Dex-2}
rCold    x . .     Faith    .   (no shield)
rNeg     + . .     Spirit   .   I - +0 steam dragon scales
rPois    .         Reflect  .   (helmet restricted)
rElec    +         Harm     .   w - +0 cloak (curse)
rCorr    .                      (gloves unavailable)
MR       .....                  (boots unavailable)
Stlth    ..........             (no amulet)
HPRegen  0.74/turn              J - ring of positive energy
MPRegen  0.11/turn              E - ring of fire

@: berserking, stab, very quick
A: large, unfitting armour, claws 3, regeneration 1, shaggy fur 1, tough skin 3
a: Potion Petition, Call Merchant, Bribe Branch, Renounce Religion


You were on level 1 of the Lair of Beasts.
You worshipped Gozag.
Gozag was most pleased with you.
You visited 2 branches of the dungeon, and saw 10 of its levels.

You collected 1422 gold pieces.

Inventory:

Hand Weapons
 p - a +2 quarterstaff of chaos
 M - the +8 flail "Zotwatto" (weapon) {flame, rElec Int+4 Dex-2}
   (You found it on level 9 of the Dungeon)

   It has been specially enchanted to burn those struck by it, causing extra
   injury to most foes and up to half again as much damage against particularly
   susceptible opponents.
   It affects your intelligence (+4).
   It affects your dexterity (-2).
   It insulates you from electricity.
Missiles
 f - 41 poisoned darts (quivered)
 x - 8 curare-tipped darts
 H - 8 javelins
 N - a throwing net
Armour
 a - a +0 robe
 u - a scarf of shadows
 w - a cursed +0 cloak (worn)
 I - +0 steam dragon scales (worn)
Jewellery
 q - an uncursed ring of positive energy
 E - a ring of fire (right claw)
 J - a ring of positive energy (left claw)
Wands
 d - a wand of paralysis (6)
 m - a wand of digging (4)
 o - a wand of enslavement (10)
 K - a wand of iceblast (8)
 L - a wand of random effects (25)
Scrolls
 e - 2 scrolls of magic mapping
 g - 2 scrolls of remove curse
 h - a scroll of enchant armour {unknown}
 i - 3 scrolls of blinking {unknown}
 k - 5 scrolls of enchant weapon {unknown}
 n - 2 scrolls of immolation {unknown}
 r - 7 scrolls of teleportation
 v - a scroll of fear {unknown}
 y - a scroll of fog
 A - a scroll of identify
 F - a scroll of summoning
 G - a scroll of noise {unknown}
Potions
 b - 5 potions of lignification
 c - 2 potions of flight
 j - a potion of might
 l - 7 potions of curing
 s - a potion of magic
 t - a potion of haste {unknown}
 z - 2 potions of mutation
 B - a potion of stabbing
 D - a potion of ambrosia


   Skills:
 * Level 5.6 Fighting
 + Level 0.1 Maces & Flails
 + Level 2.3 Throwing
 + Level 4.9 Dodging
 + Level 3.0 Stealth
 * Level 13.2 Unarmed Combat


You had 9 spell levels left.
You didn't know any spells.
Your spell library contained the following spells:

 Spells                   Type           Power        Failure   Level
 Beastly Appendage        Tmut           #.....       36%         1
 Wereblood                Tmut           #.......     50%         2
 Spider Form              Tmut/Pois      #.........   75%         3
 Ice Form                 Ice/Tmut       #.......     98%         4
 Blade Hands              Tmut           #.........   100%        5


Dungeon Overview and Level Annotations

Branches:
Dungeon (9/15)             Temple (0/1) D:7            Lair (1/6) D:8
    Orc: D:9-12

Altars:
Fedhas
Gozag
Hepliaklqana
Okawaru
Xom


Innate Abilities, Weirdness & Mutations

You are too large for most types of armour.
You have claws for hands.
Your natural rate of healing is unusually fast.
You are covered in fur. (AC +1)
You have extremely tough skin. (AC +3)


Message History

The eight-headed hydra bites you.
* * * LOW HITPOINT WARNING * * *
The eight-headed hydra bites you but does no damage.
The eight-headed hydra bites you!
* * * LOW HITPOINT WARNING * * *
The eight-headed hydra completely misses you.
The eight-headed hydra misses you.
The eight-headed hydra bites you but does no damage.
The eight-headed hydra barely misses you.
The eight-headed hydra bites you but does no damage.
You sock the eight-headed hydra! You burn the eight-headed hydra.
The eight-headed hydra is heavily wounded.
The eight-headed hydra barely misses you.
The eight-headed hydra bites you.
* * * LOW HITPOINT WARNING * * *
The eight-headed hydra bites you!
* * * LOW HITPOINT WARNING * * *
The eight-headed hydra bites you!
You die...
Your body crumbles into a pile of gold.

......#
......#
#.#
......#
#.#
#.#'###
##.#
###.##
P.#
#.P#
..##
#.##
#..
#.##
##D#
##..#
#P@#
#..##
#..#
#P.#
##..#
#..##
#..##
##..#
#..##
#[##
##..#
#.#
#..##
##.#
#..#
#P.#
##.#


You could see an eight-headed hydra.

Vanquished Creatures
  Pikel (D:5)
  An ugly thing (D:7)
  Maggie (D:7)
  Joseph (D:8)
  A komodo dragon (D:7)
  Prince Ribbit (D:6)
  A vampire (D:8)
  Sigmund (D:3)
  A yak (D:7)
  2 humans (D:8)
  An acid dragon (D:8)
  A water moccasin (D:7)
  A porcupine (Lair:1)
  3 orc warriors
  2 sky beasts
  A black bear (D:7)
  An ice beast (D:8)
  3 phantoms
  A necrophage (D:9)
  2 ogres
  2 centaurs
  A crocodile (Lair:1)
  A big kobold (D:9)
  2 lemures (D:5)
  5 bullfrogs
  A gnoll sergeant (D:8)
  A wyvern zombie (D:7)
  2 water moccasin skeletons (D:7)
  A scorpion (D:7)
  4 wights
  6 killer bees (D:9)
  A quasit (D:8)
  7 hounds
  3 jellies
  3 bullfrog skeletons
  6 orc priests
  Crazy Yiuf (D:2)
  8 orc wizards
  2 iguanas
  8 worker ants
  A hound skeleton (D:4)
  2 worker ant zombies (D:5)
  Robin (D:3)
  5 gnolls
  8 adders
  2 shadow imps
  2 white imps
  An ooze (D:4)
  2 adder skeletons
  4 worms
  4 dart slugs
  9 leopard geckos
  29 orcs
  10 bats
  6 giant cockroaches
  15 goblins
  11 hobgoblins
  10 jackals
  10 kobolds
  4 quokkas
  2 ball pythons
  3 frilled lizards
  A jackal skeleton (D:3)
  2 jackal zombies
  2 leopard gecko skeletons (D:4)
  A leopard gecko zombie (D:5)
  3 quokka skeletons
  10 rats
252 creatures vanquished.

Notes
Turn   | Place    | Note
-------+----------+-------------------------------------------
     0 | D:1      | robertstho the Troll Monk began the quest for the Orb.
     0 | D:1      | Reached XP level 1. HP: 22/22 MP: 0/0
    60 | D:1      | Reached XP level 2. HP: 28/29 MP: 1/1
   230 | D:1      | Reached XP level 3. HP: 36/36 MP: 2/2
   716 | D:2      | Reached skill level 4 in Unarmed Combat
   724 | D:2      | Found a shimmering altar of Xom.
   725 | D:2      | Found a shimmering altar of Xom.
   735 | D:2      | Found a shimmering altar of Xom.
   886 | D:2      | Found a runed translucent door.
   887 | D:2      | Noticed Crazy Yiuf
  1056 | D:2      | Killed Crazy Yiuf
  1056 | D:2      | Reached XP level 4. HP: 44/44 MP: 3/3
  1345 | D:3      | Reached skill level 5 in Unarmed Combat
  1345 | D:3      | Reached XP level 5. HP: 41/52 MP: 4/4
  1388 | D:3      | Found a faded altar of an unknown god.
  1421 | D:3      | You fall into a shaft and drop 1 floor!
  1537 | D:4      | Reached XP level 6. HP: 60/61 MP: 5/5
  1703 | D:4      | Reached skill level 6 in Unarmed Combat
  2220 | D:4      | Reached XP level 7. HP: 32/67 MP: 6/6
  2346 | D:4      | Reached skill level 7 in Unarmed Combat
  2575 | D:5      | Entered Level 5 of the Dungeon
  2787 | D:5      | Reached skill level 8 in Unarmed Combat
  2844 | D:5      | Reached XP level 8. HP: 58/78 MP: 7/7
  2954 | D:5      | Found a blossoming altar of Fedhas.
  2957 | D:5      | Found an opulent altar of Gozag.
  2967 | D:5      | Became a worshipper of Gozag Ym Sagoz the Greedy
  3103 | D:5      | Noticed Pikel
  3115 | D:5      | Paralysed by Pikel for 3 turns
  3336 | D:3      | Noticed Sigmund
  3379 | D:3      | Killed Sigmund
  3546 | D:3      | Noticed Robin
  3563 | D:3      | Killed Robin
  3961 | D:5      | Reached skill level 1 in Throwing
  4116 | D:5      | Killed Pikel
  4116 | D:5      | Reached skill level 9 in Unarmed Combat
  4806 | D:6      | Noticed Prince Ribbit
  4936 | D:6      | Found a hazy altar of Hepliaklqana.
  4949 | D:6      | Killed Prince Ribbit
  4949 | D:6      | Reached XP level 9. HP: 76/85 MP: 8/8
  5296 | D:7      | Found a staircase to the Ecumenical Temple.
  5375 | D:7      | Noticed a komodo dragon
  5497 | D:7      | Reached skill level 10 in Unarmed Combat
  5623 | D:7      | Noticed a red ugly thing
  5636 | D:7      | Killed a red ugly thing
  5673 | D:7      | Reached skill level 11 in Unarmed Combat
  5732 | D:7      | Reached skill level 5 in Fighting
  5933 | D:7      | Noticed Maggie
  5940 | D:7      | Killed Maggie
  6010 | D:7      | Killed a komodo dragon
  6010 | D:7      | Reached XP level 10. HP: 96/96 MP: 9/9
  6234 | D:8      | Found a staircase to the Lair.
  6267 | D:8      | Noticed Joseph
  6299 | D:8      | Reached skill level 12 in Unarmed Combat
  6314 | D:8      | Killed Joseph
  6641 | D:8      | Found an iron altar of Okawaru.
  7159 | D:9      | Reached skill level 13 in Unarmed Combat
  7377 | D:9      | Got a pitted flail
  7377 | D:9      | Identified the +8 flail "Zotwatto" {flame, rElec Int+4
                  | Dex-2} (You found it on level 9 of the Dungeon)
  7528 | Lair:1   | Entered Level 1 of the Lair of Beasts
  7619 | Lair:1   | Noticed an eight-headed hydra
  7625 | Lair:1   | HP: 3/97 [eight-headed hydra (7)]
  7628 | Lair:1   | Slain by an eight-headed hydra

Illustrated notes

Levels and vault maps discovered:
D:1:      wander_arrival_desolate, layout_rooms, hex_large
D:2:      layout_basic, minmay_misc_feat_plants, minmay_misc_feat_four_crosses,
          xom_redecorated, uniq_crazy_yiuf_cottage
D:3:      minmay_inner_zag, layout_basic, chequers_ecumenical_altar_twisty,
          uniq_sigmund, uniq_robin
D:4:      minmay_diamond_boxcup, layout_basic, gup_sewer_entry_spiral
D:5:      layout_layer_cave, grunt_temple_overflow_open, uniq_pikel
D:6:      layout_loops_corners, lemuel_doored_altar, uniq_prince_ribbit1
D:7:      minmay_the_grid_plus_closed [minmay_the_grid_rooms,
          minmay_the_grid_holed_spiral, minmay_the_grid_fan,
          minmay_the_grid_large_cup, minmay_the_grid_prize_inner_circle],
          layout_rooms, temple_statues, corexii_item_surrounded_by_moat,
          uniq_maggie
D:8:      layout_basic, okawaru_humans, lair_entry_dummy,
          hangedman_decor_clover_reticule, uniq_joseph
D:9:      layout_roguey
Lair:1:   layout_roguey, infiniplex_staircase_pool_2

Skill      XL: |  1  2  3  4  5  6  7  8  9 10 |
---------------+-------------------------------+-----
Unarmed Combat | 4 5 6 8 9 11 13 | 13.2
Fighting       | 3 4 5 |  5.6
Dodging        | 3 4 |  4.9
Throwing       | 2 |  2.3
Stealth        | 2 3 |  3.0
Maces & Flails | |  0.1

Action                   |  1- 3 |  4- 6 |  7- 9 | 10-12 || total
-------------------------+-------+-------+-------+-------++-------
Melee: Unarmed           |    85 |   154 |   282 |   153 ||   674
       Punch             |     2 |     2 |    11 |    13 ||    28
       Flail             |       |       |       |    15 ||    15
Throw: Dart              |       |       |    31 |       ||    31
Invok: Potion Petition   |       |       |       |     1 ||     1
  Use: Potion            |       |       |     8 |     3 ||    11
       Scroll            |       |       |    14 |       ||    14
 Stab: Sleeping          |       |     5 |    11 |       ||    16
       Distracted        |       |     1 |     1 |     1 ||     3
Armor: Robe              |    36 |    49 |    59 |       ||   144
       Skin              |       |       |    20 |       ||    20
       Steam dragon scal |       |       |     1 |    69 ||    70
Dodge: Dodged            |    42 |    71 |   115 |    82 ||   310

Table legend: (Time is in decaauts)
 A = Elapsed time spent in this place.
 B = Non-inter-level travel time spent in this place.
 C = Inter-level travel time spent in this place.
 D = Time resting spent in this place.
 E = Time spent auto-exploring this place.
 F = Levels seen in this place.
 G = Mean time per level.
                   A        B        C        D        E       F      G
               +--------+--------+--------+--------+--------+-----+--------+
         Total |   7575 |   7183 |    392 |    361 |   5153 |  10 |  757.5 |
       Dungeon |   7472 |   7081 |    391 |    361 |   5079 |   9 |  830.2 |
          Lair |    103 |    103 |      0 |      0 |     74 |   1 |  103.0 |
               +--------+--------+--------+--------+--------+-----+--------+

Top non-repeatable levels by time:
     D:4: 1425 daAuts
     D:5: 1022 daAuts
     D:7: 922 daAuts
     D:3: 910 daAuts
     D:6: 833 daAuts
     D:9: 738 daAuts
     D:2: 590 daAuts
     D:8: 541 daAuts
     D:1: 489 daAuts
  Lair:1: 103 daAuts
